Map: Hardwire LE

Players

ftwoamove - Winner!

  • Race: Terran Terran
  • League: Platinum
  • Spawn Location: 1:00

dascooper

  • Race: Protoss Protoss
  • League: Platinum
  • Spawn Location: 7:00

VOD

Have the link to the VOD?

Description

Time

  • Played on: May 28, 2022, 12:30 p.m.
  • Length: 23:28
Show
View Real Time Build Order
Export as new Build Order

ftwoamove Terran - Winner!

Build Orders:  

Get SALT Encoding   

  12  0:00  SCV  
  13  0:12  SCV  
  14  0:18  Supply Depot  
  14  0:24  SCV  
  15  0:39  SCV  
  15  0:41  Barracks  
  16  0:45  Refinery  
  16  0:52  SCV  
  17  1:04  SCV  
  18  1:16  SCV  
  19  1:29  Orbital Command  
  19  1:31  Marine  
  20  1:39  Command Center  
  20  1:51  Barracks Reactor  
  20  1:52  Supply Depot  
  20  1:53  Marine  
  21  1:56  SCV  
  22  2:07  Factory  
  22  2:20  SCV  
  22  2:22  Bunker  
  23  2:29  Barracks Reactor  
  23  2:32  SCV  
  24  2:44  SCV  
  24  2:47  Supply Depot  
  25  2:52  Factory Tech Lab  
  25  2:53  Refinery  
  25  2:56  Barracks, SCV  
  26  2:59  Orbital Command  
  26  3:09  SCV  
  26  3:10  Marine x2  
  29  3:15  Siege Tank  
  32  3:21  SCV  
  32  3:26  SCV  
  34  3:27  Supply Depot  
  34  3:33  SCV  
  35  3:36  Supply Depot  
  35  3:38  SCV, Marine  
  35  3:40  Marine  
  38  3:45  Barracks Tech Lab  
  38  3:52  Starport  
  38  3:55  SCV x2  
  40  3:58  Marine x2  
  42  4:07  SCV  
  43  4:12  SCV  
  43  4:14  Marine  
  43  4:15  Siege Tank  
  48  4:19  Combat Shield, SCV  
  49  4:24  SCV  
  49  4:26  Supply Depot  
  50  4:31  SCV  
  50  4:36  SCV, Marine x3  
  55  4:38  Starport Reactor  
  55  4:43  SCV  
  55  4:45  Supply Depot  
  56  4:53  Supply Depot  
  56  4:56  SCV x2  
  56  4:58  Marine x3  
  61  5:01  Siege Tank  
  64  5:10  Engineering Bay  
  64  5:12  Refinery, SCV x2  
  64  5:14  Refinery  
  66  5:20  Marine x3  
  69  5:22  Medivac  
  69  5:24  SCV  
  72  5:31  Supply Depot  
  72  5:35  Supply Depot  
  72  5:39  Terran Infantry Weapons Level 1, Engineering Bay  
  72  5:45  SCV x2  
  72  5:46  Marine x3  
  72  5:48  Medivac  
  79  5:57  SCV x2  
  81  6:04  Marine x3  
  81  6:09  SCV x2  
  86  6:20  Missile Turret  
  86  6:21  SCV  
  86  6:22  SCV  
  86  6:23  Missile Turret  
  88  6:27  Terran Infantry Armor Level 1  
  88  6:28  Missile Turret, Stimpack  
  88  6:29  Missile Turret  
  88  6:33  Command Center, Marine x2  
  88  6:34  SCV x2  
  92  6:41  Marine  
  92  6:42  Armory  
  92  6:46  SCV  
  94  7:06  SCV x2, Marine x3  
  98  7:18  SCV  
  99  7:24  Barracks x2, Marine x3  
  99  7:25  Barracks, Widow Mine  
  99  7:26  Viking x2  
  108  7:33  SCV x2  
  110  7:44  Marine x2  
  110  7:45  SCV x2  
  103  7:54  Marine  
  98  8:02  Marine x2  
  90  8:12  Marine  
  81  8:19  Marine x2  
  79  8:23  SCV x2  
  76  8:29  Terran Vehicle Weapons Level 1  
  76  8:30  Marine  
  76  8:32  Widow Mine  
  79  8:35  SCV x2  
  79  8:37  Marine x2  
  83  8:46  Viking  
  83  8:47  SCV x2  
  83  8:48  Marine  
  78  8:54  Widow Mine  
  78  8:55  Marine x2  
  80  8:59  SCV x2  
  84  9:06  Marine  
  84  9:09  Barracks Reactor x3  
  85  9:11  SCV x2  
  85  9:14  Thor  
  85  9:15  Marine x2  
  95  9:23  Marine  
  76  9:33  Marine x2  
  69  9:41  Marine  
  61  9:50  Marine  
  61  9:51  Marine  
  61  9:53  Marine x3  
  61  9:59  Marine  
  55  10:07  Marine x3  
  55  10:08  Marine x2  
  55  10:11  Marine x3  
  61  10:17  Marine, Widow Mine  
  61  10:19  Viking  
  65  10:24  Orbital Command  
  65  10:26  Terran Infantry Weapons Level 2, Terran Infantry Armor Level 2  
  65  10:31  Marine x6  
  71  10:38  Command Center  
  71  10:46  Missile Turret  
  71  10:47  Missile Turret  
  71  10:51  Missile Turret x3  
  71  10:53  Refinery, Command Center  
  71  10:55  Missile Turret  
  71  11:02  SCV  
  72  11:14  SCV  
  73  11:20  SCV  
  73  11:21  Marine x9  
  83  11:26  SCV  
  85  11:32  Refinery, SCV  
  85  11:34  Missile Turret  
  85  11:38  SCV  
  85  11:39  Marine x2  
  88  11:44  SCV  
  89  11:50  SCV  
  90  11:56  Missile Turret  
  90  11:57  SCV  
  76  12:08  Marine x8  
  73  12:09  Thor  
  73  12:10  Viking  
  73  12:13  Planetary Fortress  
  86  12:17  Missile Turret  
  86  12:18  Missile Turret  
  86  12:28  Concussive Shells  
  86  12:38  Orbital Command  
  86  12:41  SCV x2  
  88  12:44  Terran Infantry Weapons Level 3  
  88  12:56  Marine x3  
  88  12:57  Marine x6  
  88  12:58  Barracks, Thor  
  103  12:59  Viking, Barracks  
  103  13:01  Barracks  
  105  13:10  SCV x3  
  105  13:11  SCV  
  109  13:14  Marine x3  
  112  13:21  Marine x5  
  112  13:22  SCV  
  118  13:30  Command Center  
  118  13:32  Command Center  
  118  13:33  Terran Infantry Armor Level 3  
  116  13:55  Marine x8  
  105  13:56  Marine  
  98  14:05  Barracks Reactor x2  
  98  14:07  Barracks Reactor  
  98  14:11  Viking  
  98  14:13  Marine x9  
  109  14:27  Widow Mine  
  109  14:30  Marine x2  
  113  14:40  SCV x2  
  113  14:41  SCV x2  
  118  14:49  Widow Mine  
  118  14:51  Missile Turret  
  119  14:53  SCV  
  119  14:56  Missile Turret  
  120  15:01  Marine x6  
  120  15:02  Marine x9  
  120  15:06  Medivac  
  137  15:10  Widow Mine  
  137  15:12  Missile Turret, SCV x3  
  137  15:13  SCV x3  
  145  15:16  Missile Turret  
  145  15:19  Marine x4  
  149  15:21  Hi-Sec Auto Tracking  
  149  15:25  Starport  
  149  15:28  Barracks  
  149  15:32  Marine x5  
  154  15:41  Planetary Fortress  
  154  15:45  Refinery  
  154  15:47  Refinery  
  154  15:50  Refinery  
  154  15:56  Refinery  
  154  16:14  Marine  
  154  16:16  Marine x2  
  154  16:17  Marine  
  154  16:18  Marine x6  
  154  16:19  Marine x5  
  154  16:20  Widow Mine  
  129  16:25  Marine  
  129  16:32  Marine  
  102  16:34  Marine x2  
  102  16:35  Marine x2  
  102  16:36  Marine x5  
  102  16:37  Marine x5  
  110  16:42  Widow Mine  
  110  16:43  Marine  
  110  16:45  Viking x2  
  115  16:50  Marine  
  115  16:51  Marine  
  115  16:52  Marine, Starport Reactor  
  115  16:53  Marine x2  
  115  16:54  Marine x6  
  120  16:55  Marine x2  
  120  16:56  Planetary Fortress  
  128  17:02  Thor  
  134  17:11  Marauder  
  136  17:17  Marine x8  
  136  17:18  Marine x7  
  151  17:29  Barracks  
  151  17:30  Barracks x2  
  151  17:33  Marauder  
  151  17:35  Marine x3  
  154  17:44  Supply Depot  
  154  17:46  Command Center, Supply Depot  
  154  17:47  Barracks  
  154  17:48  Supply Depot, Barracks  
  154  17:57  Supply Depot  
  154  17:59  Supply Depot  
  154  18:05  SCV, Marine x5  
  162  18:07  SCV x3, Marine x4  
  162  18:09  SCV x2, Marine x6  
  162  18:12  Viking  
  178  18:19  Viking, Thor  
  186  18:23  Marine x5  
  186  18:25  Marine x3  
  178  18:27  Marine x6  
  178  18:32  Marine  
  161  18:40  Marine x4  
  161  18:41  Marine  
  153  18:43  Marine x3  
  153  18:45  Marine x3  
  153  18:46  Marine x3  
  156  18:50  Marine  
  155  18:58  Marine x4  
  155  19:02  Thor  
  163  19:08  Marine x3  
  163  19:09  Marine x8  
  174  19:16  SCV x4  
  178  19:17  Orbital Command  
  178  19:26  Command Center, Supply Depot  
  178  19:27  Supply Depot  
  178  19:28  Supply Depot x2  
  178  19:36  SCV  
  178  19:37  SCV x2  
  178  19:41  SCV, Marine x2  
  178  19:42  Marine  
  178  19:44  Marine  
  163  20:20  SCV x6, Marine x5  
  163  20:21  Marine x10  
  183  20:32  SCV  
  184  20:37  Refinery  
  184  20:38  Viking, Thor, Marine x8  
  200  20:47  Barracks  
  200  20:49  Planetary Fortress, Barracks  
  194  20:50  Barracks  
  194  20:52  Missile Turret  
  194  20:56  Marine x2  
  187  21:08  Marine x12  
  194  21:11  Marine  
  194  21:14  Marine x2  
  191  21:20  Thor  
  190  21:25  Marine  
  182  21:33  Marine x6  
  182  21:34  Marine x5  
  182  21:35  Marine  
  195  21:43  Marine  
  190  21:51  Marine x4  
  191  22:01  Marine x8  
  183  22:08  Thor  
  186  22:23  Marine  
  186  22:32  Barracks  
  186  22:33  Barracks  
  174  22:58  Command Center  
  174  23:04  Marine  
  174  23:05  Marine x2  
  170  23:06  Marine x6  
  170  23:07  Marine x3  
Show
View Real Time Build Order
Export as new Build Order

dascooper Protoss 

Build Orders: Carriers 

Get SALT Encoding   

  12  0:01  Probe  
  13  0:13  Probe  
  14  0:17  Pylon  
  14  0:25  Probe  
  15  0:28  Assimilator  
  15  0:37  Probe (Chrono Boost)  
  16  0:45  Gateway  
  16  0:47  Probe (Chrono Boost)  
  17  0:55  Probe  
  18  1:06  Assimilator  
  18  1:08  Probe (Chrono Boost)  
  19  1:20  Probe (Chrono Boost)  
  20  1:27  Probe (Chrono Boost)  
  20  1:30  Pylon  
  21  1:36  Cybernetics Core  
  21  1:45  Probe  
  22  1:57  Probe  
  23  2:09  Probe  
  23  2:11  Stalker (Chrono Boost)  
  26  2:21  Probe  
  27  2:33  Probe  
  28  2:40  Nexus  
  28  2:43  Shield Battery  
  28  2:46  Probe, Stargate  
  28  2:49  Pylon  
  29  2:57  Stargate  
  29  3:00  Shield Battery  
  27  3:05  Stalker  
  31  3:16  Probe  
  32  3:41  Protoss Air Weapons Level 1  
  36  3:42  Void Ray  
  37  3:50  Probe (Chrono Boost)  
  37  3:52  Assimilator, Probe (Chrono Boost)  
  37  3:54  Assimilator  
  40  4:02  Probe (Chrono Boost)  
  40  4:04  Probe (Chrono Boost)  
  40  4:07  Probe (Chrono Boost)  
  45  4:12  Probe  
  46  4:17  Void Ray (Chrono Boost)  
  46  4:23  Probe  
  47  4:25  Probe  
  52  4:32  Void Ray (Chrono Boost)  
  52  4:35  Probe  
  52  4:37  Probe  
  54  4:58  Pylon  
  54  5:00  Pylon  
  54  5:03  Pylon  
  54  5:07  Pylon  
  54  5:09  Pylon  
  54  5:16  Pylon, Probe x2  
  54  5:21  Void Ray (Chrono Boost)  
  64  5:28  Probe x2, Void Ray (Chrono Boost)  
  66  5:41  Probe x2  
  68  5:53  Probe  
  68  5:56  Void Ray (Chrono Boost)  
  73  6:01  Protoss Air Armor Level 1, Void Ray (Chrono Boost)  
  77  6:05  Probe  
  78  6:28  Void Ray  
  86  6:35  Nexus  
  86  6:37  Void Ray  
  86  7:04  Nexus  
  90  7:18  Void Ray (Chrono Boost)  
  90  7:19  Void Ray (Chrono Boost)  
  73  8:25  Probe (Chrono Boost)  
  70  8:34  Probe (Chrono Boost)  
  72  8:43  Probe (Chrono Boost)  
  72  8:45  Probe (Chrono Boost)  
  73  8:50  Probe x2 (Chrono Boost)  
  73  8:54  Void Ray (Chrono Boost)  
  73  8:55  Void Ray (Chrono Boost)  
  83  9:00  Probe  
  83  9:02  Probe  
  85  9:12  Probe  
  85  9:14  Probe  
  91  9:25  Probe  
  91  9:26  Probe  
  91  9:27  Void Ray  
  91  9:28  Void Ray  
  85  9:37  Probe  
  85  9:38  Probe  
  87  9:49  Probe  
  60  10:32  Void Ray x2 (Chrono Boost)  
  68  10:39  Fleet Beacon  
  68  10:41  Pylon  
  69  10:42  Probe (Chrono Boost)  
  69  10:43  Pylon  
  69  10:47  Assimilator  
  69  10:52  Assimilator  
  69  10:53  Probe (Chrono Boost)  
  69  10:55  Probe (Chrono Boost)  
  69  10:56  Probe (Chrono Boost)  
  72  10:57  Stargate  
  72  10:58  Probe (Chrono Boost)  
  72  11:00  Stargate  
  72  11:02  Stargate  
  72  11:03  Nexus  
  81  11:04  Probe  
  81  11:06  Probe, Void Ray (Chrono Boost)  
  81  11:07  Pylon, Void Ray (Chrono Boost)  
  81  11:09  Pylon, Probe  
  84  11:12  Pylon  
  84  11:14  Pylon  
  84  11:16  Probe  
  84  11:17  Pylon  
  86  11:19  Probe (Chrono Boost)  
  86  11:21  Probe (Chrono Boost)  
  88  11:33  Probe (Chrono Boost)  
  88  11:39  Probe (Chrono Boost)  
  96  11:41  Void Ray x2  
  96  11:45  Pylon  
  96  11:46  Protoss Air Weapons Level 2 (Chrono Boost)  
  97  11:47  Pylon, Probe  
  97  11:49  Pylon  
  97  11:52  Pylon  
  98  11:54  Pylon  
  98  11:59  Probe  
  95  12:10  Carrier x2 (Chrono Boost)  
  113  12:20  Carrier (Chrono Boost)  
  113  12:21  Robotics Facility  
  125  12:25  Carrier (Chrono Boost)  
  125  12:26  Carrier (Chrono Boost)  
  125  12:29  Probe (Chrono Boost)  
  126  12:39  Probe (Chrono Boost)  
  126  12:44  Probe (Chrono Boost)  
  128  12:55  Probe  
  129  13:07  Carrier x2, Probe  
  129  13:08  Observer (Chrono Boost)  
  143  13:17  Carrier  
  143  13:19  Probe (Chrono Boost)  
  150  13:25  Carrier (Chrono Boost), Assimilator  
  156  13:28  Assimilator  
  156  13:31  Probe (Chrono Boost)  
  157  13:39  Probe x2 (Chrono Boost)  
  159  13:41  Observer  
  159  13:46  Probe x2  
  143  13:58  Probe  
  143  13:59  Probe  
  145  14:10  Probe  
  145  14:11  Probe  
  147  14:17  Carrier (Chrono Boost)  
  147  14:18  Carrier (Chrono Boost)  
  147  14:22  Probe  
  147  14:23  Probe  
  167  14:28  Carrier (Chrono Boost)  
  173  14:33  Carrier (Chrono Boost)  
  173  14:34  Probe  
  173  14:35  Probe  
  175  14:46  Probe  
  175  14:47  Probe  
  177  14:58  Probe  
  177  14:59  Probe  
  179  15:01  Nexus  
  179  15:11  Probe  
  180  15:28  Probe  
  180  15:31  Nexus  
  180  15:47  Pylon  
  180  15:48  Pylon  
  180  15:50  Pylon  
  180  16:05  Probe, Observer  
  180  16:06  Carrier (Chrono Boost)  
  180  16:09  Carrier (Chrono Boost)  
  198  16:11  Protoss Air Weapons Level 3 (Chrono Boost)  
  198  16:12  Void Ray  
  198  16:15  Carrier (Chrono Boost)  
  198  16:17  Probe  
  191  16:26  Carrier (Chrono Boost), Observer  
  192  16:45  Probe (Chrono Boost)  
  192  16:47  Carrier (Chrono Boost)  
  193  16:48  Observer  
  200  17:22  Assimilator  
  200  17:26  Assimilator  
  168  18:53  Carrier x2 (Chrono Boost)  
  168  18:54  Carrier (Chrono Boost)  
  174  18:59  Carrier x2 (Chrono Boost)  
  93  21:53  Nexus  
Tags
 
Composition
Carriers
Matchup
PvT
Spawn Locations
Cross Positions
Add a new tag
Caveats
  • Supply blocks, unpowered buildings, or Contaminate may cause inaccurate times.
  • Supply counts are checked every 10 seconds.